 Adventure DCSS version bcrawl-1.21.2-28-g2cb1824106 (webtiles) character file.

Game seed: 950518298369223126

2556 lemonriz the Carver (level 9, -7/79 HPs)
             Began as a Djinni Reaver on Mar 20, 2020.
             Was an Elder of Vehumet.
             Mangled by a white ugly thing (15 damage)
             ... on level 9 of the Dungeon.
             The game lasted 00:23:13 (9100 turns).

lemonriz the Carver (Djinni Reaver)                 Turns: 9100, Time: 00:23:14

Health: -7/79      AC: 10    Str: 15    XL:     9   Next: 31%
Magic:  18/27      EV: 20    Int: 19    God:    Vehumet [****..]
Gold:   778        SH:  2    Dex:  9    Spells: 3/20 levels left
                                        Lives:  0   Deaths: 2

rFire    . . .     SeeInvis .   a - +0 long sword
rCold    . . .     Gourm    .   (no shield)
rNeg     . . .     Faith    .   b - +0 steam dragon scales
rPois    .         Spirit   .   z - +0 helmet
rElec    .         Reflect  .   H - +0 cloak
rCorr    .         Harm     .   k - +2 pair of gloves
MR       .....     Rnd*Rage +   (boots unavailable)
Stlth    +.........             (no amulet)
HPRegen  0.23/turn              C - +6 ring of evasion
MPRegen  0.20/turn              I - ring of magical power

@: flying, studying Crossbows
A: never pass out, berserk 2, blink, blurry vision 2, wild magic 3, MP-powered
wands, floating
a: Blink, Renounce Religion


You were on level 9 of the Dungeon.
You worshipped Vehumet.
Vehumet was greatly pleased with you.
You were not hungry.

You visited 1 branch of the dungeon, and saw 9 of its levels.

You collected 778 gold pieces.

Inventory:

Hand Weapons
 a - a +0 long sword (weapon)
Armour
 b - +0 steam dragon scales (worn)
 k - a +2 pair of gloves (worn)
 o - a scarf of repulsion
 z - a +0 helmet (worn)
 H - a +0 cloak (worn)
Jewellery
 h - an uncursed ring of protection from fire
 q - an uncursed ring of positive energy
 C - a +6 ring of evasion (left hand)
 I - a ring of magical power (right hand)
 K - an uncursed ring of resist corrosion
Wands
 n - a wand of paralysis (16)
Scrolls
 d - a scroll of immolation
 f - 2 scrolls of amnesia {unknown}
 g - a scroll of enchant armour
 j - 5 scrolls of identify
 t - 4 scrolls of teleportation
 u - 4 scrolls of remove curse
 y - 2 scrolls of enchant weapon {unknown}
 D - a scroll of magic mapping {unknown}
 E - a scroll of acquirement {unknown}
 F - 3 scrolls of blinking
 J - a scroll of vulnerability {unknown}
Potions
 c - 3 potions of haste
 i - a potion of invisibility {unknown}
 l - 2 potions of resistance
 m - 2 potions of lignification {unknown}
 p - 2 potions of cancellation {unknown}
 r - 2 potions of curing
 s - a potion of ambrosia
 v - 2 potions of brilliance
 w - a potion of heal wounds {unknown}
 x - a potion of mutation {unknown}
 B - a potion of might {unknown}
 G - a potion of magic {unknown}
Books
 A - a manual of Crossbows
Comestibles
 e - 14 rations {!d}


   Skills:
 + Level 7.3 Fighting
 + Level 11.2 Long Blades
 - Level 5.1 Dodging
 + Level 6.4 Spellcasting
 + Level 6.1 Conjurations
 + Level 3.5 Hexes
 - Level 3.0 Charms


You had 3 spell levels left.
You knew the following spells:

 Your Spells              Type           Power        Failure   Level  Hunger
a - Shock                 Conj/Air       ####.        3%          1    None
b - Dazzling Spray        Conj/Hex       #####.       4%          3    ##.....
c - Iskenderun's Battles  Conj/Chrm      #####...     24%         5    #####..
d - Lightning Bolt        Conj/Air       ####......   38%         5    #####..
e - Tukima's Dance        Hex            #####...     24%         3    ##.....

Your spell library contained the following spells:

 Spells                   Type           Power        Failure   Level  Hunger
 Corona                   Hex            #####..      12%         1    None
 Ensorcelled Hibernation  Hex/Ice        ###...       24%         2    None
 Confuse                  Hex            #####...     24%         3    ##.....
 Yara's Violent Unravell  Hex/Tmut       ###.......   26%         4    ####...
 Petrify                  Tmut/Erth      ##......     89%         4    ####...
 Metabolic Englaciation   Hex/Ice        ###.......   95%         5    #####..
 Mana Rupture             Conj/Hex       #####.....   98%         7    #######


Dungeon Overview and Level Annotations

Branches:
Dungeon (9/12)             Temple (0/1) D:7            Lair (0/6) D:7
    Orc: D:8-11

Altars:
Elyvilon
Gozag
Hepliaklqana
Kikubaaqudgha
Lugonu
Nemelex Xobeh
Qazlal
Sif Muna
Uskayaw
Vehumet
Wu Jian
Yredelemnul

Annotations:
D:5 Prince Ribbit


Innate Abilities, Weirdness & Mutations

You never pass out after going berserk.
You often lose your temper in combat.
You can translocate small distances at will.
Scrolls take you longer to read.
Your spells are much harder to cast, but much more powerful.
You expend magic power (3 MP) to strengthen your wands.
Your body floats in the air.


Message History

The white ugly thing misses you.
You hit the white ugly thing.
The white ugly thing is severely wounded.
The white ugly thing closely misses you.
You completely miss the white ugly thing.
The white ugly thing is severely wounded.
You barely miss the white ugly thing.
The white ugly thing is severely wounded.
The white ugly thing closely misses you.
You slash the white ugly thing!
The white ugly thing is severely wounded.
The white ugly thing tail-slaps you! The white ugly thing freezes you!!
* * * LOW HITPOINT WARNING * * *
You hit the white ugly thing.
The white ugly thing is severely wounded.
You recover from your berserk rage.
The white ugly thing tail-slaps you!
* * * LOW HITPOINT WARNING * * *
The white ugly thing freezes you!
You die...

#### ...#####
..^....### ######
.........### ##)[..#
...........## #)@##..#
............###.u###..#
.>...........##..# #..#
.................# #..#
.........).......# #...
.................# #...
.................# ...
.................#
.................#


You could see a white ugly thing.

Vanquished Creatures
  2 centaur skeletons (D:8)
  A troll (D:7)
  2 hippogriffs
  A human (D:7)
  4 hogs (D:7)
  A steam dragon (D:8)
  A hungry ghost (D:6)
  Menkaure (D:5)
  Duvessa (D:5)
  5 sky beasts
  4 orc warriors
  An ice beast (D:6)
  A phantom (D:4)
  A necrophage (D:6)
  2 ogres
  2 centaurs
  A bullfrog (D:6)
  2 big kobolds
  Dowan (D:5)
  A scorpion (D:7)
  A water moccasin skeleton (D:4)
  3 howler monkeys
  5 crimson imps
  4 orc priests
  A gnoll shaman (D:5)
  A jelly (D:5)
  2 orc wizards
  A bullfrog skeleton (D:7)
  An iguana (D:4)
  6 worker ants
  A killer bee zombie (D:6)
  Robin (D:3)
  7 gnolls (D:5)
  11 adders
  A shadow imp (D:6)
  An ooze (D:5)
  2 adder zombies
  3 worms
  7 dart slugs
  8 leopard geckos
  25 orcs
  4 giant cockroaches
  9 goblins
  5 hobgoblins
  9 jackals
  4 quokkas
  A bat (D:3)
  6 frilled lizards (D:1)
  2 gnoll zombies (D:5)
  A jackal skeleton (D:4)
  13 kobolds
  2 quokka skeletons
  3 rats
186 creatures vanquished.

Vanquished Creatures (others)
  A leopard gecko (D:2)
  A giant cockroach (D:2)
  A jackal (D:2)
3 creatures vanquished.

Grand Total: 189 creatures vanquished

Notes
Turn   | Place    | Note
-------+----------+-------------------------------------------
     0 | D:1      | lemonriz the Djinni Reaver began the quest for the Orb.
     0 | D:1      | Reached XP level 1. HP: 19/19 MP: 4/4
   144 | D:1      | Reached XP level 2. HP: 22/26 MP: 6/6
  1133 | D:2      | Reached XP level 3. HP: 23/31 MP: 8/8
  1140 | D:2      | Reached * piety under Vehumet
  1140 | D:2      | Offered knowledge of Sting by Vehumet.
  1334 | D:2      | Found a stormy altar of Qazlal.
  1392 | D:2      | Reached skill level 4 in Long Blades
  1463 | D:2      | Found a white marble altar of Elyvilon.
  1694 | D:2      | Found an opulent altar of Gozag.
  1985 | D:2      | Gained mutation: Your spells are harder to cast, but more
                  | powerful. [Djinni growth]
  1985 | D:2      | Gained mutation: You can translocate small distances at
                  | will. [Djinni growth]
  1985 | D:2      | Reached XP level 4. HP: 37/38 MP: 10/10
  2221 | D:3      | Noticed Robin
  2508 | D:3      | Killed Robin
  2510 | D:3      | Reached ** piety under Vehumet
  2516 | D:3      | Offered knowledge of Shock by Vehumet.
  2614 | D:3      | Learned a level 1 spell: Shock
  2649 | D:3      | Reached XP level 5. HP: 42/45 MP: 11/11
  2883 | D:3      | Reached skill level 5 in Long Blades
  2903 | D:3      | HP: 2/45 [poisoned by an orc]
  2908 | D:4      | Slain by an orc
  2909 | D:4      | Reached XP level 4. HP: 0/38 MP: 10/10
  2934 | D:4      | Noticed a sky beast
  2964 | D:4      | Killed a sky beast
  2964 | D:4      | Offered knowledge of Throw Frost by Vehumet.
  2964 | D:4      | Reached skill level 5 in Dodging
  2964 | D:4      | Reached XP level 5. HP: 41/45 MP: 11/11
  3091 | D:4      | Learned a level 3 spell: Dazzling Spray
  3144 | D:4      | Reached skill level 6 in Long Blades
  3144 | D:4      | Reached XP level 6. HP: 41/51 MP: 12/12
  3398 | D:4      | Reached skill level 7 in Long Blades
  3563 | D:4      | Noticed a sky beast
  3579 | D:4      | Killed a sky beast
  3579 | D:4      | Reached XP level 7. HP: 40/57 MP: 13/13
  3736 | D:4      | Reached skill level 8 in Long Blades
  4315 | D:5      | Entered Level 5 of the Dungeon
  4363 | D:5      | Reached skill level 9 in Long Blades
  4574 | D:5      | Noticed Prince Ribbit
  4576 | D:5      | Reached *** piety under Vehumet
  4844 | D:5      | Noticed Duvessa
  4844 | D:5      | Noticed Dowan
  4863 | D:5      | Killed Duvessa
  4863 | D:5      | Reached skill level 1 in Conjurations
  4863 | D:5      | Gained mutation: Your spells are much harder to cast, but
                  | much more powerful. [Djinni growth]
  4863 | D:5      | Reached XP level 8. HP: 66/66 MP: 14/14
  4866 | D:5      | Killed Dowan
  5151 | D:5      | Noticed Menkaure
  5165 | D:5      | Killed Menkaure
  5331 | D:5      | Found a basalt altar of Yredelemnul.
  5489 | D:6      | Noticed a hippogriff
  5506 | D:6      | Killed a hippogriff
  5506 | D:6      | Reached skill level 5 in Fighting
  5506 | D:6      | Reached skill level 10 in Long Blades
  5524 | D:6      | Found a hazy altar of Hepliaklqana.
  5589 | D:6      | Offered knowledge of Stone Arrow by Vehumet.
  5932 | D:6      | Reached XP level 9. HP: 66/75 MP: 15/15
  5956 | D:6      | Learned a level 5 spell: Iskenderun's Battlesphere
  6652 | D:7      | Found a staircase to the Lair.
  6820 | D:7      | Reached skill level 1 in Charms
  6864 | D:7      | Reached **** piety under Vehumet
  6936 | D:7      | Found an ornate altar of the Wu Jian Council.
  6938 | D:7      | Found a shimmering blue altar of Sif Muna.
  6942 | D:7      | Found a radiant altar of Vehumet.
  6942 | D:7      | Found a corrupted altar of Lugonu.
  6944 | D:7      | Found a hide-covered altar of Uskayaw.
  6946 | D:7      | Found an ancient bone altar of Kikubaaqudgha.
  7042 | D:7      | Noticed a troll
  7044 | D:7      | Found a staircase to the Ecumenical Temple.
  7070 | D:7      | Killed a troll
  7070 | D:7      | Reached skill level 1 in Hexes
  7392 | D:7      | Reached skill level 5 in Conjurations
  7453 | D:7      | Reached skill level 5 in Spellcasting
  7494 | D:7      | HP: 3/77 [human/+0 hand axe (9)]
  7906 | D:8      | Reached skill level 11 in Long Blades
  8071 | D:8      | Offered knowledge of Lightning Bolt by Vehumet.
  8078 | D:8      | Learned a level 5 spell: Lightning Bolt
  8127 | D:8      | Reached XP level 10. HP: 69/85 MP: 18/18
  8297 | D:8      | Learned a level 3 spell: Tukima's Dance
  8855 | D:8      | Found a sparkling altar of Nemelex Xobeh.
  8895 | D:9      | Found an ornate altar of the Wu Jian Council.
  8973 | D:9      | Noticed a white ugly thing
  8994 | D:9      | Mangled by a white ugly thing
  8995 | D:9      | Reached XP level 9. HP: -11/78 MP: 27/27
  9100 | D:9      | Mangled by a white ugly thing

Skill      XL: |  1  2  3  4  5  6  7  8  9 10 |
---------------+-------------------------------+-----
Long Blades    | 4 6 7 9 10 11 | 11.2
Spellcasting   | 4 5 6 |  6.4
Dodging        | 5 |  5.1
Conjurations   | 1 4 5 6 |  6.1
Fighting       | 5 7 |  7.3
Charms         | 3 |  3.0
Hexes          | 2 3 |  3.5

Action                   |  1- 3 |  4- 6 |  7- 9 | 10-12 || total
-------------------------+-------+-------+-------+-------++-------
Melee: Long sword        |   167 |   220 |   478 |   102 ||   967
 Cast: Shock             |       |     3 |    47 |     1 ||    51
       Dazzling Spray    |       |       |    10 |     1 ||    11
       Lightning Bolt    |       |       |     1 |     1 ||     2
       Iskenderun's Batt |       |       |     1 |       ||     1
 Abil: Blink             |       |     2 |       |       ||     2
  Use: Potion            |     1 |       |     2 |       ||     3
       Scroll            |       |       |    10 |       ||    10
 Stab: Invisible         |       |       |     2 |       ||     2
  Eat: Chunk             |     3 |     4 |    16 |     4 ||    27
Armor: Steam dragon scal |    68 |   107 |    79 |    17 ||   271
Dodge: Dodged            |   201 |   185 |   372 |    79 ||   837
       Deflected         |       |     2 |       |       ||     2
Block: Other             |       |     4 |    18 |     3 ||    25
